 Dungeon Crawl Stone Soup version 0.26-b1-32-g5d43845318 (webtiles) character file.

Game seed: 8734377447110653411

934 Arum the Shield-Bearer (level 8, -8/64 HPs)
             Began as a Formicid Fighter on Jan 8, 2021.
             Was a Follower of the Shining One.
             Killed from afar by Pikel (19 damage)
             ... with a bolt of acid
             ... on level 6 of the Dungeon.
             The game lasted 00:05:52 (5615 turns).

Arum the Shield-Bearer (Formicid Fighter)           Turns: 5615, Time: 00:05:54

Health: -8/64      AC:  6    Str: 21    XL:     8   Next: 33%
Magic:  8/8        EV: 13    Int:  8    God:    the Shining One [*.....]
Gold:   347        SH: 11    Dex: 12    Spells: 7/7 levels left

rFire    . . .     SeeInvis +   a - +0 quarterstaff
rCold    . . .     Faith    .   c - +1 kite shield
rNeg     . . .     Spirit   .   b - +0 scale mail
rPois    .         Reflect  .   (helmet unavailable)
rElec    .         Harm     .   (no cloak)
rCorr    .         Rampage  .   g - +0 pair of gloves
Will     .....                  r - +1 pair of boots
Stlth    ..........             (no amulet)
HPRegen  0.20/turn              e - +4 ring of evasion
MPRegen  0.11/turn              (no ring)

@: corroded, glowing
A: permanent stasis, dig shafts and tunnels, four strong arms, antennae 3
a: Dig, Shaft Self, Renounce Religion


You were on level 6 of the Dungeon.
You worshipped the Shining One.
The Shining One was aware of your devotion.
You visited 1 branch of the dungeon, and saw 6 of its levels.

You collected 431 gold pieces.
You spent 84 gold pieces at shops.

Inventory:

Hand Weapons
 a - a +0 quarterstaff (weapon)
Armour
 b - a +0 scale mail (worn)
 c - a +1 kite shield (worn)
 g - a +0 pair of gloves (worn)
 r - a +1 pair of boots (worn)
Jewellery
 e - a +4 ring of evasion (left hand)
Wands
 o - a wand of flame (1)
 s - a wand of iceblast (16)
 u - a wand of paralysis (1)
Scrolls
 j - 2 scrolls of enchant armour
 k - a scroll of random uselessness {unknown}
 p - a scroll of blinking {unknown}
 q - 3 scrolls of remove curse {unknown}
 t - a scroll of fog {unknown}
 w - a scroll of magic mapping {unknown}
 x - a scroll of amnesia {unknown}
 y - 2 scrolls of identify
Potions
 d - a potion of might
 f - a potion of attraction {unknown}
 h - a potion of magic {unknown}
 i - a potion of lignification {unknown}
 l - 7 potions of curing {unknown}
 m - a potion of heal wounds {unknown}
 n - 2 potions of brilliance {unknown}
 v - a potion of resistance {unknown}


   Skills:
 + Level 6.2 Fighting
 + Level 5.1 Staves
 - Level 5.0 Armour
 + Level 6.8 Shields


You had 7 spell levels left.
You didn't know any spells.
Your spell library was empty.

Dungeon Overview and Level Annotations

Branches:
Dungeon (6/15)             Temple (0/1) D:4

Altars:
Ashenzari
Gozag
Hepliaklqana
Makhleb
Uskayaw
Yredelemnul
The Shining One

Shops:
D:5 ?**

Annotations:
D:6 Pikel, Sigmund


Innate Abilities, Weirdness & Mutations

You cannot be hasted, slowed, berserked, paralysed or teleported.
You can dig through walls and to a lower floor.
Your four strong arms can wield two-handed weapons with a shield.
You have a pair of large antennae on your head. (SInv)


Message History

The lemure is heavily wounded.
The lemure hits you.
You thump the lemure!
The lemure is severely wounded.
You block the lemure's attack.
You sock the lemure!
You kill the lemure!
That felt strangely unrewarding.
You completely miss Pikel. You block Pikel's attack.
You barely miss Pikel.
Pikel zaps a wand.
The bolt of acid hits you!
You are splashed with acid!
You hit Pikel but do no damage. You block Pikel's attack.
You hit Pikel.
Pikel is lightly wounded.
Pikel waves his whip at you.
Pikel zaps a wand.
The bolt of acid hits you! The acid corrodes you!
You are splashed with acid!
* * * LOW HITPOINT WARNING * * *
Pikel zaps a wand.
The bolt of acid hits you!!
You die...

## ####.....#..
...........
.#########..........
....................
#@##..........
##K#.5........ ..#
#{##{5........
......Z#{##.<.5.....
.####..{{..5.....#..
......####.....##
.###.Z .......# ##.
#+####.... .. .....


You could see Pikel.

Vanquished Creatures
  Edmund (D:4)
  An ice beast (D:5)
  A centaur (D:5)
  A lemure (D:6)
  2 scorpions (D:4)
  A howler monkey (D:4)
  A bullfrog zombie (D:5)
  2 bullfrog skeletons
  2 orc priests
  2 hounds
  A centaur skeleton (D:4)
  An iguana (D:5)
  3 worker ants
  A hound zombie (D:5)
  2 adders
  A white imp (D:5)
  2 oozes
  4 worms
  2 dart slugs (D:1)
  3 leopard geckos
  8 orcs
  8 bats
  5 giant cockroaches
  10 hobgoblins
  11 jackals
  2 quokkas (D:2)
  2 ball pythons
  2 frilled lizards (D:2)
  11 goblins
  7 kobolds
  A leopard gecko skeleton (D:5)
  2 rats
103 creatures vanquished.

Notes
Turn   | Place    | Note
-------+----------+-------------------------------------------
     0 | D:1      | Arum the Formicid Fighter began the quest for the Orb.
     0 | D:1      | Reached XP level 1. HP: 18/18 MP: 1/1
   235 | D:1      | Reached XP level 2. HP: 23/24 MP: 2/2
   366 | D:1      | Found a glowing golden altar of the Shining One.
   479 | D:1      | Became a worshipper of the Shining One
   605 | D:1      | Reached XP level 3. HP: 29/29 MP: 3/3
   996 | D:2      | Found a glowing golden altar of the Shining One.
   996 | D:2      | Found a faded altar of an unknown god.
  1001 | D:2      | Found a basalt altar of Yredelemnul.
  1003 | D:2      | Found a hazy altar of Hepliaklqana.
  1005 | D:2      | Found a burning altar of Makhleb.
  1414 | D:2      | Reached XP level 4. HP: 30/37 MP: 4/4
  2503 | D:3      | Found a hide-covered altar of Uskayaw.
  2546 | D:3      | Reached XP level 5. HP: 8/42 MP: 5/5
  2894 | D:3      | Found a broken altar of Ashenzari.
  3440 | D:3      | Found an opulent altar of Gozag.
  3685 | D:4      | Reached skill level 5 in Shields
  3685 | D:4      | Reached XP level 6. HP: 41/49 MP: 6/6
  4066 | D:4      | Noticed Edmund
  4085 | D:4      | Killed Edmund
  4086 | D:4      | Reached skill level 5 in Fighting
  4086 | D:4      | Reached skill level 5 in Armour
  4086 | D:4      | Reached XP level 7. HP: 47/56 MP: 7/7
  4144 | D:4      | Reached * piety under the Shining One
  4287 | D:4      | Found a staircase to the Ecumenical Temple.
  4481 | D:5      | Entered Level 5 of the Dungeon
  4532 | D:5      | Found Eteull's Assorted Antiques.
  4544 | D:5      | Bought a scroll labelled FAMMIK GO ROEM for 30 gold pieces
  4544 | D:5      | Bought a scroll labelled COTOIG NECI for 30 gold pieces
  4638 | D:5      | Found Gecagh's Assorted Antiques.
  4769 | D:5      | Reached XP level 8. HP: 64/64 MP: 8/8
  4786 | D:5      | Found Utraeriu's Magic Scroll Emporium.
  4790 | D:5      | Bought a scroll of identify for 24 gold pieces
  4991 | D:5      | Reached skill level 5 in Staves
  5596 | D:6      | Noticed Pikel
  5597 | D:6      | Noticed Sigmund
  5615 | D:6      | Killed from afar by Pikel

Illustrated notes

Levels and vault maps discovered:
D:1:      sevenhm_arrival_forest_fort_large_2, layout_basic, tso_altar
D:2:      layout_basic, chequers_temple_overflow_minitemple
D:3:      layout_loops_ring, ashenzari_altar_1, lemuel_coloured_pillars_altar,
          lemuel_crystal_altar
D:4:      layout_cave_pools, minmay_temple_entry_hall,
          kennysheep_generic_room_11, uniq_edmund
D:5:      layout_basic, serial_shops, shop, nicolae_shop_stone, shop
D:6:      layout_rooms, slow_altar_2, nrook_campfire, grunt_decor_arrowhead,
          uniq_sigmund, uniq_menkaure, uniq_pikel

Skill      XL: |  1  2  3  4  5  6  7  8 |
---------------+-------------------------+-----
Shields        | 4 5 6 |  6.8
Armour         | 4 5 |  5.0
Fighting       | 4 5 6 |  6.2
Staves         | 3 4 5 |  5.1

Action                   |  1- 3 |  4- 6 |  7- 9 || total
-------------------------+-------+-------+-------++-------
Melee: Quarterstaff      |   118 |   187 |    80 ||   385
 Abil: Dig               |       |     1 |     3 ||     4
Evoke: Wand              |       |       |     7 ||     7
  Use: Scroll            |       |       |     1 ||     1
Armor: Scale mail        |    40 |    45 |    22 ||   107
Dodge: Dodged            |    44 |   106 |    27 ||   177
Block: Kite shield       |    68 |    90 |    38 ||   196
